AoeStats
← omi_omar

Arabia

507741177Analyzed
3v3 RM · 11d ago on Sep 19, 2026· 41m 17s· 6 players
Game mode
Random Map
Map size
Normal (6 player)
Population
200
Speed
Normal
Resources
Standard
Victory
Conquest
Starting age
Dark Age
Ending age
Imperial Age
RankedLock teamsTeams togetherTeam positionsShared explorationLock speedFull tech treeHidden civsTurbo modeCheats
Victory
Defeat
🇫🇷 Khmer · France
855
+14
🇺🇸 Teutons · United States
848
+15
🇺🇸 Huns · United States
744
+18
🇬🇧 Mongols · United Kingdom
849
-27
🇨🇭 Malians · Switzerland
825
-16
🇪🇸 Huns · Spain
778
-27
documentacion.inf.org
13:57 Feudal Age
15:13 Wheelbarrow
14:21 Horse Collar
14:30 Double-Bit Axe
19:53 Bloodlines
24:28 Castle Age
25:37 Elite Skirmisher
26:33 Husbandry
25:55 Light Cavalry
28:39 Hand Cart
28:27 Heavy Plow
30:20 Marauders
悟 GOKU 悟
0:49 Loom
10:32 Feudal Age
12:21 Double-Bit Axe
19:07 Wheelbarrow
20:33 Fletching
26:14 Gold Mining
26:15 Stone Mining
26:09 Horse Collar
30:06 Castle Age
28:50 Town Watch
31:18 Bow Saw
31:25 Hand Cart
31:51 Gold Shaft Mining
31:54 Stone Shaft Mining
31:21 Heavy Plow
33:26 Bodkin Arrow
36:44 Imperial Age
35:53 Padded Archer Armor
37:30 Bracer
omi_omar
1:30 Loom
10:55 Feudal Age
11:23 Horse Collar
11:30 Double-Bit Axe
13:31 Man-at-Arms
21:10 Stone Mining
22:51 Gold Mining
27:38 Castle Age
ArepitoElote
11:13 Feudal Age
13:59 Man-at-Arms
15:24 Loom
25:00 Bloodlines
30:47 Castle Age
WyZeR
0:26 Loom
14:01 Feudal Age
18:35 Castle Age
16:35 Stone Mining
16:31 Horse Collar
18:32 Gold Mining
18:30 Double-Bit Axe
20:38 Heavy Plow
22:42 Bow Saw
24:14 Fletching
24:22 Murder Holes
32:52 Bodkin Arrow
33:04 Scale Barding Armor
33:00 Padded Archer Armor
38:10 Imperial Age
ABSENT007
2:56 Loom
12:30 Feudal Age
12:55 Horse Collar
13:02 Double-Bit Axe
14:06 Gold Mining
14:08 Stone Mining
18:08 Wheelbarrow
22:45 Scale Barding Armor
23:44 Forging
23:47 Bloodlines
30:48 Castle Age
31:31 Husbandry
32:46 Hand Cart
33:01 Bow Saw
33:06 Heavy Plow
34:14 Gold Shaft Mining
34:35 Chain Barding Armor
35:45 Iron Casting
36:38 Marauders
Connection lost

Rejoining the realm…

Still unreachable

The connection could not be restored.

Session expired

The server has moved on; the page needs a fresh start.